 Dungeon Crawl Stone Soup version 0.30-b1-5-g8e6c1be481 (webtiles) character file.

Game seed: 7987283346321146051

60 Griffin23 the Shield-Bearer (level 3, -6/33 HPs)
             Began as a Minotaur Fighter on May 5, 2023.
             Splashed by a jelly's acid (8 damage)
             ... on level 4 of the Dungeon.
             The game lasted 00:02:27 (2340 turns).

Griffin23 the Shield-Bearer (Minotaur Fighter)      Turns: 2340, Time: 00:02:28

Health: -6/33      AC: -4    Str: 22    XL:     3   Next: 82%
Magic:  2/2        EV:  9    Int:  5    God:
Gold:   183        SH:  4    Dex:  9    Spells: 2/2 levels left

rFire   . . .        a - +0 long sword
rCold   . . .        c - +0 buckler
rNeg    . . .        b - +0 scale mail
rPois   .            (helmet restricted)
rElec   .            (no cloak)
rCorr   .            (no gloves)
SInv    .            (no boots)
Will    .....        (no amulet) Stlth
                     (no ring)
HPRegen 0.25/turn    (no ring)
MPRegen 0.08/turn

%: no passive effects
@: corroded
A: horns 2, retaliatory headbutt
a: no special abilities


You were on level 4 of the Dungeon.
You visited 1 branch of the dungeon, and saw 4 of its levels.

You collected 183 gold pieces.

Inventory:

Hand Weapons
 a - a +0 long sword (weapon)
Missiles
 r - a throwing net (quivered)
Armour
 b - a +0 scale mail (worn)
 c - a +0 buckler (worn)
Jewellery
 s - a ring of fire
Wands
 o - a wand of flame (23)
Scrolls
 e - 2 scrolls of fog {unknown}
 f - 3 scrolls of immolation {unknown}
 g - 2 scrolls of teleportation {unknown}
 h - 2 scrolls of vulnerability {unknown}
 j - 2 scrolls of identify {unknown}
 m - a scroll of noise {unknown}
 n - a scroll of blinking {unknown}
 q - a scroll of fear {unknown}
 u - a scroll of amnesia {unknown}
Potions
 d - a potion of might
 i - a potion of flight {unknown}
 k - a potion of haste {unknown}
 l - a potion of brilliance {unknown}
 p - 2 potions of curing {unknown}
 t - a potion of invisibility {unknown}


   Skills:
 + Level 4.0 Fighting
 + Level 3.6 Long Blades
 + Level 4.0 Armour
 + Level 1.0 Dodging
 + Level 4.1 Shields


You had 2 spell levels left.
You didn't know any spells.
Your spell library was empty.

Dungeon Overview and Level Annotations

Branches:
Dungeon (4/15)
 Temple: D:4-7

Altars:


Innate Abilities, Weirdness & Mutations

You have a pair of horns on your head.
You reflexively headbutt those who attack you in melee.


Message History

The goblin shouts!
Found 16 gold pieces.
There is a stone staircase leading up here.
You hit the goblin.
You kill the goblin!
No target in view!
No target in view!
You see here a +2 dagger of venom.
No target in view!
You now have 183 gold pieces (gained 16).
You see here a +2 dagger of venom.
There is a stone staircase leading up here.
A jelly comes into view.
The jelly quivers.
You hit the jelly but do no damage. The acid corrodes you!
Your hands burn!
The jelly hits you. The acid corrodes you!
You are splashed with acid!
A jelly is nearby!
You are too injured to fight recklessly!
A jelly is nearby!
You are too injured to fight recklessly!
A jelly is nearby!
You are too injured to fight recklessly!
A jelly is nearby!
You are too injured to fight recklessly!
A jelly is nearby!
You are too injured to fight recklessly!
A jelly is nearby!
A jelly is nearby!
You are too injured to fight recklessly!
You completely miss the jelly.
You headbutt the jelly, but do no damage.
The jelly hits you.
You are splashed with acid!
* * * LOW HITPOINT WARNING * * *
You hit the jelly.
Your hands burn!
* * * LOW HITPOINT WARNING * * *
The jelly is lightly wounded.
The jelly hits you.
* * * LOW HITPOINT WARNING * * *
The acid corrodes you!
You are splashed with acid!
You die...

... .. ..
######### ##.
#.......# .. #
#.#.....# .#.#
#.#.....######J..#
#...)........@...#
####.#########.###
#<.# ... #####..#
#### #......#
#.###.## #.# #.#
#.###.# #.....#


You could see a jelly.

Vanquished Creatures
  2 adders
  An orc (D:3)
  4 endoplasms
  4 giant cockroaches
  3 hobgoblins
  2 jackals (D:1)
  4 quokkas
  7 ball pythons
  3 frilled lizards
  4 goblins
  2 kobolds (D:1)
  A rat (D:1)
37 creatures vanquished.

Notes
Turn   | Place    | Note
-------+----------+-------------------------------------------
     0 | D:1      | Griffin23 the Minotaur Fighter began the quest for the Orb.
     0 | D:1      | Reached XP level 1. HP: 19/19 MP: 0/0
   204 | D:1      | Reached XP level 2. HP: 27/27 MP: 1/1
  1026 | D:2      | Reached XP level 3. HP: 29/33 MP: 2/2
  1642 | D:3      | Reached skill level 1 in Dodging
  2340 | D:4      | Splashed by a jelly's acid

Illustrated notes

Levels and vault maps discovered:
D:1:      minmay_arrival_jagged, layout_basic
D:2:      layout_loops_ring
D:3:      wander_river, layout_loops_ring, minmay_misc_feat_pillars
D:4:      layout_basic, nicolae_stop_n_shop_2

Skill      XL: |  1  2  3 |
---------------+----------+-----
Shields        | 4 |  4.1
Fighting       | 4 |  4.0
Long Blades    | 3 |  3.6
Armour         | 4 |  4.0
Dodging        | 1 |  1.0

Action                     || total
---------------------------++-------
  Melee: Long sword        ||   105
         Headbutt          ||    11
 Armour: Scale mail        ||    39
  Dodge: Dodged            ||    36
  Block: Buckler           ||    30
